 Dungeon Crawl Stone Soup version 0.21.1-1-g345015fe64 (webtiles) character file.

658 BorisKarlOrff the Skirmisher (level 7, -8/44 HPs)
             Began as a Gargoyle Berserker on Feb 16, 2018.
             Was a Priest of Trog.
             Mangled by a two-headed ogre
             ... wielding a +0 giant club
              (23 damage)
             ... on level 4 of the Dungeon.
             The game lasted 00:12:06 (2735 turns).

BorisKarlOrff the Skirmisher (Gargoyle Berserker)   Turns: 2735, Time: 00:12:07

Health: -8/44      AC: 14    Str: 23    XL:     7   Next: 55%
Magic:  7/7        EV:  9    Int:  7    God:    Trog [***...]
Gold:   223        SH:  0    Dex:  9    Spells: 6/6 levels left

rFire    . . .     SeeInvis .   n - +3 spear (venom)
rCold    . . .     Gourm    .   (no shield)
rNeg     + . .     Faith    .   q - +0 chain mail
rPois    ∞         Spirit   .   (no helmet)
rElec    +         Reflect  .   (no cloak)
rCorr    .         Harm     .   (no gloves)
MR       .....                  (no boots)
Stlth    ..........             a - amulet of regeneration
HPRegen  0.54/turn              (no ring)
MPRegen  0.10/turn              (no ring)

@: hasted, very quick
A: negative energy resistance 1, electricity resistance, unbreathing,
petrification resistance, rot immunity, AC +4
a: Berserk, Trog's Hand, Burn Spellbooks, Renounce Religion


You were on level 4 of the Dungeon.
You worshipped Trog.
Trog was most pleased with you.
You were full.

You visited 1 branch of the dungeon, and saw 4 of its levels.

You collected 223 gold pieces.

Inventory:

Hand Weapons
 n - a +3 spear of venom (weapon)
Armour
 q - a +0 chain mail (worn)
Jewellery
 a - an amulet of regeneration (around neck)
Wands
 b - a wand of random effects (24)
Scrolls
 e - a scroll of remove curse
 i - 2 scrolls of fear {unknown}
 j - a scroll of blinking {unknown}
 m - a scroll of teleportation {unknown}
 o - a scroll of enchant armour {unknown}
Potions
 d - 4 potions of curing
 g - a potion of ambrosia {unknown}
 h - a potion of magic {unknown}
 k - a potion of lignification {unknown}
 l - 2 potions of heal wounds {unknown}
 p - a potion of berserk rage {unknown}
Comestibles
 c - 5 rations


   Skills:
 + Level 4.5 Fighting
   Level 3.9 Maces & Flails
 + Level 4.2 Polearms
 + Level 4.4 Armour
 + Level 3.0 Dodging
 + Level 1.4 Stealth


You had 6 spell levels left.
You didn't know any spells.

Dungeon Overview and Level Annotations

Branches:
Dungeon (4/15)
 Temple: D:4-7

Altars:

Shops:
D:4 !

Annotations:
D:4 2 runed doors


Innate Abilities, Weirdness & Mutations

You are resistant to torment.
Your stone body is resilient. (AC +4)
You are immune to poison.
You resist negative energy. (rN+)
You are resistant to electric shocks. (rElec)
You can survive without breathing.
You are immune to petrification.
You are immune to rotting.


Message History

Found a shiny chain mail and 12 gold pieces.
Found a scale mail and a knobbly glowing staff.
There is a large open door here.
The two-headed ogre hits you with a giant club!!
The two-headed ogre hits you with a giant club.
You closely miss the two-headed ogre.
The shadow imp grins evilly.
The two-headed ogre barely misses you.
The two-headed ogre hits you with a giant club!
* * * LOW HITPOINT WARNING * * *
You hit the two-headed ogre.
The two-headed ogre is poisoned.
The two-headed ogre is lightly wounded.
You hit the two-headed ogre but do no damage.
The two-headed ogre is lightly wounded.
The two-headed ogre hits you but does no damage.
The two-headed ogre barely misses you.
You feel yourself speed up.
The two-headed ogre hits you with a giant club!!
Ouch! That really hurt!
You die...

#..'......+....
#..'.O....+..##
#..#8....8#
###5.##8[|8##
##.....######
#).###+# #5##
#O# #@# #.# #.#
#.# #.. #..
#... ####


You could see a two-headed ogre and a shadow imp.

Vanquished Creatures
  Sigmund (D:4)
  A phantom (D:4)
  A howler monkey (D:4)
  An orc wizard (D:4)
  A jelly (D:4)
  A centaur skeleton (D:4)
  A bullfrog skeleton (D:3)
  Ijyb (D:3)
  Terence (D:3)
  Natasha (twice) (D:3)
  A worker ant (D:4)
  7 adders
  An ooze (D:3)
  A dart slug (D:2)
  3 leopard geckos
  7 orcs
  6 bats
  4 giant cockroaches
  A goblin (D:3)
  3 hobgoblins
  5 jackals
  2 quokkas
  2 ball pythons (D:1)
  2 frilled lizards (D:2)
  3 kobolds
  6 rats
65 creatures vanquished.

Notes
Turn   | Place    | Note
-------+----------+-------------------------------------------
     0 | D:1      | BorisKarlOrff the Gargoyle Berserker began the quest for the Orb.
     0 | D:1      | Reached XP level 1. HP: 14/14 MP: 1/1
   397 | D:1      | Reached XP level 2. HP: 16/19 MP: 2/2
   678 | D:2      | Reached XP level 3. HP: 19/24 MP: 3/3
  1049 | D:2      | Reached ** piety under Trog
  1491 | D:3      | Reached XP level 4. HP: 28/29 MP: 4/4
  1562 | D:3      | Noticed Terence
  1567 | D:3      | Killed Terence
  1684 | D:3      | Reached XP level 5. HP: 32/33 MP: 5/5
  1705 | D:3      | Noticed Ijyb
  1717 | D:3      | Killed Ijyb
  1717 | D:3      | Reached skill level 1 in Polearms
  1768 | D:3      | Noticed Natasha
  1780 | D:3      | Killed Natasha
  2018 | D:3      | Reached skill level 1 in Stealth
  2085 | D:3      | Noticed Natasha
  2093 | D:3      | Killed Natasha
  2226 | D:4      | Reached XP level 6. HP: 38/38 MP: 6/6
  2266 | D:4      | Noticed Sigmund
  2283 | D:4      | Killed Sigmund
  2289 | D:4      | Found a large runed door.
  2290 | D:4      | Found a large runed door.
  2296 | D:4      | Reached XP level 7. HP: 38/44 MP: 7/7
  2588 | D:4      | Found Doxeynuk's Distillery.
  2665 | D:4      | Reached *** piety under Trog
  2715 | D:4      | Found a large runed door.
  2715 | D:4      | Found a large runed door.
  2720 | D:4      | Noticed a two-headed ogre
  2735 | D:4      | Mangled by a two-headed ogre

Skill      XL: |  1  2  3  4  5  6  7 |
---------------+----------------------+-----
Dodging        | 2 3 |  3.0
Fighting       | 4 |  4.5
Armour         | 3 4 |  4.4
Polearms       | 1 3 4 |  4.2
Stealth        | 1 |  1.4
Maces & Flails | |  3.9

Action                   |  1- 3 |  4- 6 |  7- 9 || total
-------------------------+-------+-------+-------++-------
Melee: Mace              |    60 |       |       ||    60
       Spear             |    28 |   118 |    56 ||   202
  Use: Scroll            |       |     6 |     2 ||     8
       Potion            |       |       |     1 ||     1
  Eat: Ration            |     1 |     2 |       ||     3
Armor: Leather armour    |    39 |     4 |       ||    43
       Animal skin       |     4 |       |       ||     4
       Chain mail        |       |    71 |    30 ||   101
Dodge: Dodged            |    87 |    65 |    18 ||   170
